[Event "*** Titled Tuesday 3|2 Blitz"]
[Site "Chess.com"]
[Date "2016.09.06"]
[Round "8"]
[White "FairChess_on_YouTube"]
[Black "pKiLz5Rn9b"]
[Result "1-0"]
[WhiteElo "2702"]
[BlackElo "2459"]
[TimeControl "180+2"]
[EndTime "12:37:51 PDT"]
[Termination "FairChess_on_YouTube won by resignation"]

1. e4 e6 2. d4 d5 3. Nc3 dxe4 4. Nxe4 Nd7 5. Nf3 Ngf6 6. Nxf6+ Nxf6 7. c3 c5 8. Be3 Qc7 9. Bb5+ Bd7 10. Bxd7+ Nxd7 11. O-O Nb6 12. Rc1 Bd6 13. c4 Rd8 14. Kh1 O-O 15.
Qe2 Qe7 16. h3 cxd4 17. Nxd4 Bc5 18. Rfd1 Rd7 19. b3 Rfd8 20. Nc2 Bxe3 21. Nxe3 Qc5 22.
Rxd7 Rxd7 23. Rd1 g6 24. Ng4 Rxd1+ 25. Qxd1 Qe7 26. Qd4 f5 27. Nh6+ 1-0

[Event "*** Titled Tuesday 3|2 Blitz"]
[Site "Chess.com"]
[Date "2016.09.06"]
[Round "8"]
[White "Rsnr"]
[Black "nonscitis"]
[Result "1-0"]
[WhiteElo "2514"]
[BlackElo "2348"]
[TimeControl "180+2"]
[EndTime "12:38:06 PDT"]
[Termination "Rsnr won by resignation"]

1. d4 d5 2. c4 c6 3. Nf3 dxc4 4. a4 Nf6 5. Nc3 Bg4 6. Ne5 Bh5 7. Nxc4 e6 8. Qb3 Qc8 9. Bf4 Na6 10. e4 Bg6 11. f3 c5 12. Nb5 Kd7 13. Rd1 Nxe4 14. fxe4 Bxe4 15. dxc5+ Bd5 16. Ne5+ Ke8 17. Rxd5 exd5 18. Qxd5 Qe6 19. Qxb7 Rd8 20. Qxa6 Bxc5 21. Nc7+ 1-0

[Event "*** Titled Tuesday 3|2 Blitz"]
[Site "Chess.com"]
[Date "2016.09.06"]
[Round "8"]
[White "MateusViageiro"]
[Black "Mastervlad8"]
[Result "1/2-1/2"]
[WhiteElo "2356"]
[BlackElo "2146"]
[TimeControl "180+2"]
[EndTime "12:38:23 PDT"]
[Termination "Game drawn by repetition"]

1. e4 c5 2. Nf3 e6 3. d4 cxd4 4.
Nxd4 a6 5. Bd3 Nf6 6. O-O d6 7. Kh1 Be7 8. f4 Nc6 9. Nxc6 bxc6 10. Qf3 O-O 11. Nc3 e5 12. f5 Bb7 13. g4 d5 14.
g5 Nxe4 15. Nxe4 dxe4 16. Bxe4 Bxg5 17. Bxg5 Qxg5 18. Rg1 Qf6 19. Rg2 Rad8 20. Rag1 g6 21. fxg6 fxg6 22. Qh3 Bc8 23. Qh6 Bf5 24. Bxf5 Qxf5 25.
Rxg6+ hxg6 26. Rxg6+ Kf7 27. Rg7+ Ke8 28. Qxc6+ Rd7 29.
Qc8+ Rd8 30. Qc6+ Rd7 31. Qc8+ Rd8 32. Qc6+ Rd7 33. Qc8+ Rd8 34. Qc6+ Rd7 35. Qc8+ Rd8 36. Qc6+ 1/2-1/2

[Event "*** Titled Tuesday 3|2 Blitz"]
[Site "Chess.com"]
[Date "2016.09.06"]
[Round "8"]
[White "Ksenia_Legenko"]
[Black "Rating-Schmating"]
[Result "1-0"]
[WhiteElo "2015"]
[BlackElo "2208"]
[TimeControl "180+2"]
[EndTime "12:38:35 PDT"]
[Termination "Ksenia_Legenko won by checkmate"]

1. d4 Nf6 2. c4 e6 3. g3 d5 4. Nf3 dxc4 5. Bg2 c5 6. O-O cxd4 7. Qa4+ Nc6 8. Nxd4 Bd7 9. Qxc4 Nxd4 10. Qxd4 Bc6 11. Bxc6+ bxc6 12. Qa4 Qb6 13. Be3 Qb5 14. Qc2 Nd5 15.
Bd4 c5 16. Na3 Qa5 17. Be5 Rc8 18. Nc4 Qa6 19. e4 Nb4 20. Qe2 Qb7 21. Bxg7 Rg8 22.
Bxf8 Kxf8 23. Nd6 Qc6 24. Nxc8 Qxc8 25. a3 Nc6 26. Rac1 Nd4 27. Qe3 e5 28. Rfd1 h5 29.
Qh6+ Ke8 30. Qxh5 Qe6 31. Rxc5 Nc6 32. Rdc1 Kd7 33. Rxc6 Qb3 34. Rc7+ Kd6 35. R1c6# 1-0

[Event "*** Titled Tuesday 3|2 Blitz"]
[Site "Chess.com"]
[Date "2016.09.06"]
[Round "8"]
[White "Wolverine_master"]
[Black "geordie_derraugh"]
[Result "0-1"]
[WhiteElo "2036"]
[BlackElo "2191"]
[TimeControl "180+2"]
[EndTime "12:38:54 PDT"]
[Termination "geordie_derraugh won by resignation"]

1. e4 c5 2. Nf3 d6 3. d4 cxd4 4. Nxd4 Nf6 5. Nc3 a6 6. Bg5 e6 7. f4 Qc7 8. Qf3 b5 9. O-O-O b4 10. Nce2 Bb7 11. Bxf6 gxf6 12. g4 Nd7 13. Ng3 Rc8 14. Bd3 Qb6 15. Nde2 b3 16. axb3 Qxb3 17. Kb1 Qb6 18. g5 f5 19. Qh5 Bg7 20. c3 Rb8 21. exf5 Bxh1 22. Rd2 Bd5 23. fxe6 Bxe6 24. f5 Bb3 25. Nf4 Be5 26. Ne6 Bxc3 27. Re2 Qg1+ 0-1

[Event "*** Titled Tuesday 3|2 Blitz"]
[Site "Chess.com"]
[Date "2016.09.06"]
[Round "8"]
[White "chorejason"]
[Black "MattyDPerrine"]
[Result "0-1"]
[WhiteElo "2036"]
[BlackElo "2220"]
[TimeControl "180+2"]
[EndTime "12:38:59 PDT"]
[Termination "MattyDPerrine won by resignation"]

1. e4 c5 2. Nf3 e6 3. d4 cxd4 4.
Nxd4 a6 5. Nc3 Qc7 6. Be3 Nf6 7. Be2 Bb4 8. O-O Bxc3 9. bxc3 Nxe4 10. Bf3 Nxc3 11. Qd3 d5 12. Rfe1 O-O 13. Nb3 Nd7 14. Bd4 Ne4 15. Rxe4 dxe4 16. Bxe4 f5 17. Bf3 e5 18.
Bb2 Nf6 19. Bd5+ Kh8 20. Re1 e4 21. Qd4 Nxd5 22. Qxd5 Rd8 23. Rxe4 fxe4 24. Bxg7+ Kxg7 25. Qg5+ Kf7 26. Qh5+ Kf8 27. Qh6+ Qg7 28. Qf4+ Kg8 0-1

[Event "*** Titled Tuesday 3|2 Blitz"]
[Site "Chess.com"]
[Date "2016.09.06"]
[Round "8"]
[White "Drags95"]
[Black "pedromartinez91"]
[Result "1-0"]
[WhiteElo "2386"]
[BlackElo "2372"]
[TimeControl "180+2"]
[EndTime "12:39:11 PDT"]
[Termination "Drags95 won on time"]

1. d4 d5 2. c4 e6 3. Nc3 Nf6 4.
cxd5 exd5 5. Bg5 Be7 6. e3 O-O 7. Bd3 h6 8. Bxf6 Bxf6 9. Nf3 c6 10. Qc2 Re8 11. O-O-O b5 12. Rdg1 b4 13. Na4 Ba6 14. g4 Bxd3 15. Qxd3 Qe7 16. Nc5 Nd7 17. Nxd7 Qxd7 18.
h4 Bd8 19. g5 h5 20. Ne5 Qe6 21.
f4 g6 22. f5 Qxf5 23. Qxf5 gxf5 24. Rf1 f6 25. gxf6 Bxf6 26. Rxf5 Bxe5 27. dxe5 Re6 28. Rg1+ Kh7 29. Rxh5+ Rh6 30. Rxh6+ Kxh6 31. Rg5 Re8 32. Kd2 c5 33. Kd3 Re6 34. e4 d4 35. Kc4 a5 36.
Kxc5 d3 37. Rg2 Rxe5+ 38. Kd4 Rh5 39. Rh2 d2 40. Rxd2 Rxh4 41. Rg2 Kh7 42. Kd5 Rh1 43.
e5 Rd1+ 44. Ke6 Rb1 45. Kf7 Rf1+ 46. Ke7 1-0

[Event "*** Titled Tuesday 3|2 Blitz"]
[Site "Chess.com"]
[Date "2016.09.06"]
[Round "8"]
[White "RodinMihail"]
[Black "biostatistician"]
[Result "1-0"]
[WhiteElo "2343"]
[BlackElo "2361"]
[TimeControl "180+2"]
[EndTime "12:39:15 PDT"]
[Termination "RodinMihail won by resignation"]

1. e4 e6 2. d4 d5 3. Nd2 Nc6 4. c3 e5 5. exd5 Qxd5 6. Ngf3 exd4 7. Bc4 Qh5 8. O-O Be6 9. Bxe6 fxe6 10. cxd4 O-O-O 11. Qa4 Nf6 12. Re1 Bd6 13. Nc4 Rhe8 14. Nxd6+ Rxd6 15. Bf4 Rd5 16. Rac1 Ra5 17. Qb3 Qd5 18. Qd3 Rxa2 19. Rc5 Qd7 20. Rec1 Nd5 21. Bg3 Rd8 22. Qb3 Ra6 23. h3 Rb6 24. Qa4 Ra6 25.
Qc2 Rb6 26. Qxh7 Rxb2 27. Rxc6 bxc6 28. Ne5 Nf6 29. Qd3 Qxd4 30. Qa6+ Rb7 31. Rb1 Qb6 32.
Rxb6 axb6 33. Nxc6 Rd1+ 34. Kh2 Ne4 35. Qa8+ Kd7 1-0

[Event "*** Titled Tuesday 3|2 Blitz"]
[Site "Chess.com"]
[Date "2016.09.06"]
[Round "8"]
[White "jb2mix"]
[Black "ftorodent"]
[Result "1-0"]
[WhiteElo "2434"]
[BlackElo "2473"]
[TimeControl "180+2"]
[EndTime "12:39:23 PDT"]
[Termination "jb2mix won by resignation"]

1. e4 e6 2. d4 d5 3. Nd2 Be7 4. e5 c5 5. c3 Nc6 6. Bd3 f5 7. Ne2 cxd4 8. cxd4 Nh6 9. O-O Nf7 10.
Nf3 O-O 11. a3 Bd7 12. g3 Rc8 13. h4 Na5 14. Nf4 Qb6 15. Rb1 Rc7 16. Re1 Rfc8 17. b4 Nc4 18. Bxf5 exf5 19. Nxd5 Qe6 20. Nxc7 Rxc7 21.
d5 Qg6 22. e6 Nfd6 23. exd7 Rxd7 24. Bf4 Bf6 25. Qb3 b5 26. Re6 Qf7 27. a4 a6 28. axb5 axb5 29. Qa2 h6 30. Qa6 Ra7 31. Qc6 Rc7 32. Qa8+ Rc8 33. Qa6 Qb7 34. Rxd6 Nxd6 35. Qxd6 Rd8 36. Qe6+ Kh8 37. Rd1 Bc3 38. Qxf5 Bxb4 39. Ne5 1-0

[Event "*** Titled Tuesday 3|2 Blitz"]
[Site "Chess.com"]
[Date "2016.09.06"]
[Round "8"]
[White "Pudor"]
[Black "mwpchess"]
[Result "0-1"]
[WhiteElo "2372"]
[BlackElo "2436"]
[TimeControl "180+2"]
[EndTime "12:39:59 PDT"]
[Termination "mwpchess won by resignation"]

1. d4 Nf6 2. c4 e6 3. Nc3 Bb4 4.
Qc2 O-O 5. a3 Bxc3+ 6. Qxc3 b6 7. Bg5 Bb7 8. e3 d6 9. Ne2 Nbd7 10. Qd3 Rc8 11. Nc3 c5 12. Rd1 cxd4 13. Qxd4 d5 14. cxd5 exd5 15. Be2 h6 16. Bh4 Re8 17. O-O Qe7 18. Bb5 Qe6 19. Bxd7 Nxd7 20. Nxd5 Ne5 21. Nf4 Qg4 22. Bg3 Nf3+ 23. gxf3 Qxf3 24. Nd5 Rcd8 25. e4 Rxe4 26. Ne7+ Rxe7 27. Qxd8+ Re8 28. Qxe8+ Kh7 0-1

[Event "*** Titled Tuesday 3|2 Blitz"]
[Site "Chess.com"]
[Date "2016.09.06"]
[Round "8"]
[White "Astaneh"]
[Black "Misha_Bilous"]
[Result "1-0"]
[WhiteElo "2500"]
[BlackElo "2366"]
[TimeControl "180+2"]
[EndTime "12:40:03 PDT"]
[Termination "Astaneh won by checkmate"]

1. e4 c5 2. Nf3 Nc6 3. c3 Nf6 4.
Bd3 d5 5. e5 Ng4 6. Bb5 Bd7 7.
Bxc6 Bxc6 8. e6 fxe6 9. Ng5 Nf6 10. d4 cxd4 11. cxd4 Qd6 12. O-O e5 13. dxe5 Qxe5 14.
Re1 Qf5 15. Ne6 Rc8 16. Nc3 Ne4 17. Nxe4 Qxe6 18. Ng5 Qf5 19. Qd4 Qf6 20. Qg4 Bd7 21. Qg3 e6 22. Bf4 Bb4 23. Be5 Qf5 24. Nf3 Rg8 25. Re3 g5 26. Nd4 Qf7 27. Bd6 Bxd6 28. Qxd6 Qe7 29. Qe5 Rf8 30. Rae1 Qf6 31. Qxd5 Rd8 32.
Rxe6+ Bxe6 33. Rxe6+ Qe7 34. Rxe7+ Kxe7 35. Qe6# 1-0

[Event "*** Titled Tuesday 3|2 Blitz"]
[Site "Chess.com"]
[Date "2016.09.06"]
[Round "8"]
[White "Tash_Boy"]
[Black "Yaacovn"]
[Result "1-0"]
[WhiteElo "2424"]
[BlackElo "2625"]
[TimeControl "180+2"]
[EndTime "12:40:10 PDT"]
[Termination "Tash_Boy won by resignation"]

1. e4 c6 2. d4 d5 3. Nd2 dxe4 4. Nxe4 Nf6 5. Nxf6+ gxf6 6. Nf3 Bg4 7. Be2 e6 8. c3 Nd7 9. Nh4 f5 10. Bxg4 Qxh4 11.
Bf3 Bd6 12. Qb3 O-O-O 13. Bd2 Bf4 14. O-O-O Nf6 15. g3 Bxd2+ 16. Rxd2 Qh6 17. Qa4 Kb8 18. Qa5 Nd5 19. Re1 Nb6 20. Qe5+ Kc8 21. b3 Rhg8 22. h4 Nd5 23. Kc2 Qg7 24. Qe2 Qg6 25.
Kb2 Qf6 26. h5 h6 27. Qc4 Rd7 28. Re5 Rgd8 29. Rde2 Nb6 30. Qb4 Nd5 31. Qc4 Kb8 32. a4 Qg5 33. a5 a6 34. b4 Nc7 35. Qc5 Nb5 36. Qb6 Ka8 37. Bxc6 bxc6 38. Qxc6+ Rb7 39. Rxb5 1-0

[Event "*** Titled Tuesday 3|2 Blitz"]
[Site "Chess.com"]
[Date "2016.09.06"]
[Round "8"]
[White "dusanacns"]
[Black "severomorskij"]
[Result "0-1"]
[WhiteElo "2546"]
[BlackElo "2620"]
[TimeControl "180+2"]
[EndTime "12:40:20 PDT"]
[Termination "severomorskij won by resignation"]

1. e4 c5 2. Nf3 e6 3. d3 Nc6 4. g3 Nf6 5. Bg2 d5 6. Qe2 g6 7. O-O Bg7 8. h4 O-O 9. e5 Ng4 10. Bf4 f6 11. exf6 Qxf6 12. Nc3 Nd4 13. Nxd4 cxd4 14. Nb5 e5 15. Bxd5+ Kh8 16. Bg5 Qb6 17.
a4 Bd7 18. Na3 Rae8 19. Nc4 Qc7 20. a5 h6 21. Bd2 e4 22. Bxe4 Nf6 23. Bf4 Qd8 24.
Nd6 Re6 25. Nxb7 Qe7 26. f3 Nh5 27. Qh2 Nxf4 28. gxf4 Ref6 29. Qg3 Rxf4 30. Qxg6 Bf5 31.
Bxf5 R4xf5 32. a6 Qxh4 33. f4 Rxf4 34. Rxf4 Rxf4 35. Qe8+ Kh7 36. Re1 Qg3+ 0-1

[Event "*** Titled Tuesday 3|2 Blitz"]
[Site "Chess.com"]
[Date "2016.09.06"]
[Round "8"]
[White "Anton_Demchenko"]
[Black "Usurpov"]
[Result "1-0"]
[WhiteElo "2587"]
[BlackElo "2320"]
[TimeControl "180+2"]
[EndTime "12:40:32 PDT"]
[Termination "Anton_Demchenko won on time"]

1. e4 c5 2. Nf3 Nc6 3. Nc3 e6 4.
d4 cxd4 5. Nxd4 Nf6 6. Nxc6 bxc6 7. e5 Nd5 8. Ne4 Ba6 9. c4 Bb4+ 10. Bd2 Qh4 11. Qf3 f5 12. Nd6+ Bxd6 13. cxd5 Bxf1 14. Rxf1 Bxe5 15. dxc6 dxc6 16. Qxc6+ Kf7 17. Qd7+ Kf6 18. O-O-O Rhd8 19. Qb5 Rdc8+ 20. Bc3 Bxc3 21. bxc3 Rxc3+ 22. Kb2 Rac8 23. Rd6 R3c5 24. Qd7 Qe4 25. Rfd1 Rb8+ 26. Ka1 Rcb5 27. R6d3 Qe5+ 28. Qd4 Qxd4+ 29. Rxd4 1-0

[Event "*** Titled Tuesday 3|2 Blitz"]
[Site "Chess.com"]
[Date "2016.09.06"]
[Round "8"]
[White "dretch"]
[Black "Krutoy123"]
[Result "0-1"]
[WhiteElo "2606"]
[BlackElo "2492"]
[TimeControl "180+2"]
[EndTime "12:40:37 PDT"]
[Termination "Krutoy123 won on time"]

1. d4 Nf6 2. c4 e6 3. Nc3 Bb4 4. Qc2 d6 5. e4 c5 6. d5 Qe7 7.
Bg5 exd5 8. Bxf6 Qxf6 9. cxd5 O-O 10. Bd3 Nd7 11. Nf3 a6 12. O-O b5 13. a4 c4 14.
Be2 Rb8 15. Kh1 Nc5 16. axb5 axb5 17. Nd2 Re8 18. f4 Qd4 19. Rf3 Bg4 20. Raf1 Bxf3 21. Nxf3 Qe3 22. e5 Bxc3 23. Ng5 Nd3 24. bxc3 h6 25.
Nh3 dxe5 26. f5 f6 27. g3 Red8 28. Bf3 Ne1 29. Rxe1 Qxe1+ 30. Kg2 b4 31. cxb4 Rxb4 32. Nf2 Rb1 33. Kh3 Qf1+ 34. Bg2 Qc1 35. Qa2 Qb2 36. Qa5 Qb6 0-1

[Event "*** Titled Tuesday 3|2 Blitz"]
[Site "Chess.com"]
[Date "2016.09.06"]
[Round "8"]
[White "ilya261991"]
[Black "Sanan_Sjugirov"]
[Result "1/2-1/2"]
[WhiteElo "2499"]
[BlackElo "2706"]
[TimeControl "180+2"]
[EndTime "12:40:39 PDT"]
[Termination "Game drawn by repetition"]

1. d4 Nf6 2. c4 e6 3. Nf3 d5 4. Nc3 Nbd7 5. Bf4 dxc4 6. e3 Bd6 7.
Bxd6 cxd6 8. Bxc4 O-O 9. O-O b6 10. Rc1 Bb7 11. Qe2 Qe7 12. Ba6 Rab8 13. Bxb7 Rxb7 14.
Qa6 Nb8 15. Qd3 a6 16. Ne4 Nxe4 17. Qxe4 Rc7 18. Rxc7 Qxc7 19. Ng5 g6 20. Qh4 h5 21.
g4 Kg7 22. Ne4 hxg4 23. Qf6+ Kg8 24. Qf4 Nd7 25. Qxd6 Qc2 26. Qxd7 Qxe4 27. Rc1 Kg7 28. Qc6 Qd3 29. Qxb6 Qd2 30. Qc7 Qxb2 31. a4 Rb8 32.
Qe5+ Kg8 33. Rc7 Rf8 34. a5 Qb1+ 35. Kg2 Qd1 36. Qe4 Qa4 37. Qe5 Qd1 38. Qe4 Qa4 39. Qe5 Qd1 40. Qe4 Qa4 41. Qe5 Qd1 42. Qe4 1/2-1/2

[Event "*** Titled Tuesday 3|2 Blitz"]
[Site "Chess.com"]
[Date "2016.09.06"]
[Round "8"]
[White "Saitama_Hero"]
[Black "Zhani-Z"]
[Result "1-0"]
[WhiteElo "2278"]
[BlackElo "2267"]
[TimeControl "180+2"]
[EndTime "12:40:48 PDT"]
[Termination "Saitama_Hero won by resignation"]

1. d4 Nf6 2. c4 e6 3. Nc3 Bb4 4. a3 Bxc3+ 5. bxc3 c5 6. e3 b6 7. Bd3 Bb7 8. f3 O-O 9. Ne2 Nc6 10. e4 Ne8 11. O-O Na5 12. Be3 d6 13. f4 f5 14.
Ng3 Qd7 15. d5 g6 16. Re1 exd5 17. cxd5 fxe4 18. Bxe4 Nf6 19. Bf3 Rae8 20. f5 gxf5 21. Bh6 Rxe1+ 22. Qxe1 Re8 23. Qd2 Kf7 24. Rf1 Rg8 25.
Bg5 Rg6 26. Nh5 Nxh5 27. Bxh5 Nc4 28. Qf4 Bxd5 29. Qxf5+ Qxf5 30. Rxf5+ Ke6 31. Bxg6 hxg6 32.
Rf6+ Ke5 33. Rxg6 Kf5 34. Rg7 Nxa3 35. h4 Kg4 36. Bc1+ Kh5 37. Bxa3 Be6 38. Rxa7 1-0

[Event "*** Titled Tuesday 3|2 Blitz"]
[Site "Chess.com"]
[Date "2016.09.06"]
[Round "8"]
[White "FearlessKing64"]
[Black "alturas_pacificas"]
[Result "1/2-1/2"]
[WhiteElo "2303"]
[BlackElo "2147"]
[TimeControl "180+2"]
[EndTime "12:40:52 PDT"]
[Termination "Game drawn - insufficient material"]

1. e4 e5 2. Nf3 Nf6 3. Bc4 Nc6 4.
d4 exd4 5. e5 d5 6. Bb5 Ne4 7.
Nxd4 Bd7 8. Bxc6 bxc6 9. Be3 Rb8 10. Nd2 Nxd2 11. Qxd2 Rxb2 12. Nb3 Qb8 13. Bd4 Bb4 14. Bc3 c5 15. a3 Bf5 16. axb4 Rxc2 17. Qxd5 Rxc3 18. Nxc5 O-O 19. O-O Qxb4 20. Nd7 Bxd7 21.
Qxd7 Qc5 22. e6 fxe6 23. Qxe6+ Kh8 24. Qa6 h6 25. Qxa7 Qxa7 26. Rxa7 Rc8 27. g3 Rf3 28. Kg2 Rf7 29. f4 Kg8 30. Rc1 c5 31. Rxf7 Kxf7 32. Kf3 Kf6 33. Ke4 Ke6 34. f5+ Kd6 35.
g4 Re8+ 36. Kf4 Kd5 37. h4 c4 38. Rd1+ Kc6 39. g5 hxg5+ 40. hxg5 Re7 41. f6 gxf6 42. gxf6 Rf7 43. Kf5 Kc5 44. Ke6 Rf8 45. Ke7 Rh8 46. f7 c3 47. Rd8 Rh7 48. Rc8+ Kd4 49. Ke8 Rh8+ 50. f8=Q Rxf8+ 51. Kxf8 Kd3 52. Ke7 c2 53. Kd6 Kd2 54. Kd5 c1=Q 55. Rxc1 Kxc1 1/2-1/2

[Event "*** Titled Tuesday 3|2 Blitz"]
[Site "Chess.com"]
[Date "2016.09.06"]
[Round "8"]
[White "PowerThinking2650"]
[Black "Lali-Rustavi"]
[Result "1-0"]
[WhiteElo "2151"]
[BlackElo "1812"]
[TimeControl "180+2"]
[EndTime "12:40:52 PDT"]
[Termination "PowerThinking2650 won by resignation"]

1. e4 c6 2. d4 d5 3. Nc3 dxe4 4. Nxe4 Nf6 5. Nxf6+ gxf6 6. c3 Bf5 7. Ne2 e6 8. Ng3 Bg6 9. h4 h5 10. Be2 Qa5 11. b4 Qc7 12. Nxh5 Bxh5 13. Bxh5 Nd7 14. g3 Bd6 15. Qf3 f5 16. Qe2 Nf6 17. Qxe6+ Be7 18. Bxf7+ Kd8 19. Bf4 Qd7 20. O-O Ne4 21. Rac1 Qxe6 22.
Bxe6 Rh5 23. f3 Nd6 24. c4 a5 25. a3 axb4 26. axb4 Ra2 27. Ra1 Ra6 28. Rxa6 bxa6 29. Ra1 Bf6 30. Be5 Bxe5 31. dxe5 Nb7 32. Rxa6 Ke7 33.
Ra7 Kxe6 34. Rxb7 Kxe5 35. Kf2 f4 36. gxf4+ Kxf4 37. Rf7+ Ke5 38. Ke3 Rxh4 39. f4+ Ke6 40. Rb7 Rh3+ 41. Kd4 Kd6 42. c5+ Ke6 43. Rc7 Kf5 44.
Rxc6 Kxf4 45. b5 Rb3 46. b6 Rb4+ 47. Kd5 1-0

[Event "*** Titled Tuesday 3|2 Blitz"]
[Site "Chess.com"]
[Date "2016.09.06"]
[Round "8"]
[White "saraswathii"]
[Black "Haykos"]
[Result "0-1"]
[WhiteElo "2110"]
[BlackElo "2257"]
[TimeControl "180+2"]
[EndTime "12:41:08 PDT"]
[Termination "Haykos won by resignation"]

1. e4 e5 2. d3 Nc6 3. Nf3 g6 4. g3 Bg7 5. Bg2 d6 6. O-O Be6 7. c3 h6 8. d4 exd4 9. cxd4 d5 10. e5 Nge7 11. Nc3 Qd7 12. Be3 O-O 13. Qd2 Kh7 14. Rac1 Bh3 15. Na4 Bxg2 16. Kxg2 b6 17. Nc3 Nd8 18.
Ne2 Rc8 19. h4 Ne6 20. Nf4 Nf5 21. Nxe6 fxe6 22. Bf4 c5 23. dxc5 bxc5 24. Rc2 Qa4 25. b3 Nxh4+ 26. Nxh4 Qe4+ 27. f3 Qd4 28. Kh2 g5 29. Bxg5 hxg5 30. Qxg5 Qxe5 31. Qg6+ Kg8 32. Rff2 Rf6 33. Qg4 d4 34. Rfe2 Qd6 35. Kg2 d3 36.
Red2 dxc2 37. Rxd6 c1=Q 38. Rxe6 Qb2+ 39. Kh3 Rcf8 40.
Re7 R6f7 41. Ng6 Qf6 42. Re6 Qxf3 43. Nxf8 Qxg4+ 44. Kxg4 Kxf8 45. Rc6 Bd4 46. Rc8+ Kg7 47. Rd8 Kf6 48. b4 Ke5 49. bxc5 Bxc5 50. Rd3 Rf2 51. a4 Ra2 52. Rc3 Bd4 53. Rc4 Kd5 54. Rb4 Bc5 55. Rf4 Bd4 56. Rf5+ Kc4 57. Ra5 Bb6 58.
Rf5 Rxa4 59. Kf3 Bd4 0-1

[Event "*** Titled Tuesday 3|2 Blitz"]
[Site "Chess.com"]
[Date "2016.09.06"]
[Round "8"]
[White "viktorskliarov"]
[Black "Gabrielian_Artur"]
[Result "0-1"]
[WhiteElo "2445"]
[BlackElo "2525"]
[TimeControl "180+2"]
[EndTime "12:41:15 PDT"]
[Termination "Gabrielian_Artur won by resignation"]

1. e4 c5 2. Nf3 d6 3. d4 cxd4 4.
Qxd4 Nc6 5. Bb5 Bd7 6. Bxc6 Bxc6 7. Nc3 Nf6 8. Bg5 e6 9. O-O-O Be7 10. Rhe1 O-O 11. Kb1 h6 12. Bh4 Re8 13. Bg3 d5 14. e5 Ne4 15. Nxe4 dxe4 16. Qe3 Qa5 17. Nd2 Bc5 18. Nb3 Bxe3 19. Nxa5 Bb6 20. Nxc6 bxc6 21.
Rxe4 Red8 22. Kc1 g5 23. h4 Kg7 24. h5 Rd5 25. c4 Rxd1+ 26. Kxd1 Rd8+ 27. Kc2 Ba5 28. Re2 Rd4 29. b3 g4 30. Bh4 Bb4 31. Bf6+ Kf8 32.
Kb2 Rd3 33. a3 Be7 34. Kc2 Rd4 35. g3 Bxa3 36. Kc3 c5 37. Ra2 Bb4+ 38. Kc2 Rd2+ 39.
Kb1 Rxa2 40. Kxa2 Be1 41. Kb2 Bxf2 42. Kc2 Bxg3 43. Kd3 Bf4 44. Ke4 Bd2 45. Bd8 Ke8 46. Bf6 Kd7 47. Bg7 Bg5 48. Bf8 Kc6 49. Bg7 a6 50. Bf6 Bxf6 51. exf6 e5 0-1

[Event "*** Titled Tuesday 3|2 Blitz"]
[Site "Chess.com"]
[Date "2016.09.06"]
[Round "8"]
[White "Blitzstream"]
[Black "GianmarcoVaR"]
[Result "0-1"]
[WhiteElo "2527"]
[BlackElo "2423"]
[TimeControl "180+2"]
[EndTime "12:41:18 PDT"]
[Termination "GianmarcoVaR won by resignation"]

1. d4 Nf6 2. Bg5 Ne4 3. Bh4 c5 4. f3 g5 5. fxe4 gxh4 6. e3 Qb6 7. Nc3 e6 8. Nf3 Qxb2 9. Nb5 Qb4+ 10. c3 Qa5 11. Ne5 a6 12. Qh5 axb5 13. Qxf7+ Kd8 14. Qf6+ Kc7 15. Qxh8 Qxc3+ 16. Kf2 Bh6 17. Ng4 cxd4 18. Qxd4 Bxe3+ 19. Qxe3 Qxa1 20. Qf4+ d6 21. Qf7+ Bd7 22.
Rg1 Rxa2+ 23. Be2 Rxe2+ 24. Kxe2 Qxg1 25. Nf6 Qxg2+ 26. Ke3 Qg5+ 27. Ke2 Qg6 28. Qe7 b4 29. Kd2 h3 30. Ke3 b3 31. e5 dxe5 32. Ne4 Qh6+ 33. Kd3 Qc1 34. Qd6+ Kc8 35. Qf8+ Kc7 36. Qd6+ Kc8 37. Qf8+ Be8 38. Nd6+ Kd7 39. Nxe8 Qc2+ 40. Ke3 Qc3+ 41. Ke2 Qc4+ 42. Ke3 Qf4+ 43. Qxf4 exf4+ 44.
Kxf4 Kxe8 45. Ke5 0-1

[Event "*** Titled Tuesday 3|2 Blitz"]
[Site "Chess.com"]
[Date "2016.09.06"]
[Round "8"]
[White "Alexander_Moskalenko"]
[Black "E-Shaposhnikov"]
[Result "1/2-1/2"]
[WhiteElo "2646"]
[BlackElo "2666"]
[TimeControl "180+2"]
[EndTime "12:41:28 PDT"]
[Termination "Game drawn by repetition"]

1. d4 Nf6 2. Nf3 e6 3. e3 b6 4. Bd3 Bb7 5. O-O d5 6. c4 Bd6 7. Nc3 Nbd7 8. b3 a6 9. Bb2 O-O 10. Qe2 Ne4 11. cxd5 exd5 12. Qc2 Qe7 13. Ne2 f5 14. Rac1 Rac8 15. Qb1 g5 16. Qa1 Qg7 17. Ne5 Qh6 18. f3 g4 19. Nf4 Nxe5 20. dxe5 Bc5 21.
Bd4 g3 22. h3 Bxd4 23. Qxd4 c5 24. Qb2 Ng5 25. Bb1 Rce8 26. b4 c4 27. Qc3 Qg7 28. Nh5 Qxe5 29. Qxe5 Rxe5 30. f4 Nxh3+ 31. gxh3 Rxe3 32.
Rfe1 Rxe1+ 33. Rxe1 d4 34. Nxg3 d3 35. Kf2 b5 36. a3 Kf7 37. Nxf5 Kg6 38. Nd6 Rxf4+ 39. Ke3 Rf3+ 40. Kd4 Bc6 41. Re6+ Rf6 42. Rxf6+ Kxf6 43. a4 Ke6 44. axb5 axb5 45. Ne4 Bxe4 46. Kxe4 Kf6 47. h4 h6 48. Kf4 Kg6 49. Kg4 Kf6 50. Kf4 Kg6 51.
Kg4 Kf6 52. Kf4 Kg6 53. Kg4 1/2-1/2

[Event "*** Titled Tuesday 3|2 Blitz"]
[Site "Chess.com"]
[Date "2016.09.06"]
[Round "8"]
[White "petrpalachev"]
[Black "cassoulet"]
[Result "1-0"]
[WhiteElo "2412"]
[BlackElo "2299"]
[TimeControl "180+2"]
[EndTime "12:41:29 PDT"]
[Termination "petrpalachev won by checkmate"]

1. e3 d5 2. Nf3 g6 3. c4 Nf6 4.
Nc3 Bg7 5. b4 O-O 6. Bb2 a5 7.
a3 axb4 8. axb4 Rxa1 9. Qxa1 Na6 10. b5 Nb4 11. Qa4 c5 12. bxc6 Nxc6 13. d4 Qb6 14.
Qb5 Qxb5 15. cxb5 Nb4 16. Be2 Bf5 17. Kd2 Ra8 18. Ra1 Rxa1 19. Bxa1 e6 20. Ne5 Bf8 21. g4 Bc2 22. f3 Bb3 23. Bb2 Ne8 24.
Nd7 Bd6 25. Nc5 b6 26. Nxb3 Bxh2 27. Ba3 Bd6 28. f4 f5 29. gxf5 gxf5 30. Na2 Nxa2 31. Nc5 Kf7 32. Kc2 Nf6 33. Kb2 Ng4 34. Kxa2 Nxe3 35.
Nd3 Bc7 36. Bh5+ Kf6 37. Ne5 Ng2 38. Bc1 Bd6 39. Kb3 Nh4 40. Nd7+ Ke7 41. Nxb6 Bc7 42. Na4 Ng2 43. b6 Bb8 44. Nc5 Nxf4 45. b7 Nxh5 46. Na6 Bh2 47. Ba3+ Kd8 48. Bc5 Nf6 49. Kb4 Nd7 50.
Kb5 h5 51. Kc6 Nb8+ 52. Nxb8 Bxb8 53. Bd6 Ba7 54. Bg3 Ke8 55. Kc7 Kf7 56. Bd6 h4 57.
Bc5 h3 58. Bxa7 h2 59. b8=Q h1=Q 60. Kd7 Qe4 61. Qe8+ Kf6 62. Bb6 f4 63. Bd8+ Kf5 64.
Qh5# 1-0

[Event "*** Titled Tuesday 3|2 Blitz"]
[Site "Chess.com"]
[Date "2016.09.06"]
[Round "8"]
[White "SCIM"]
[Black "talaicito"]
[Result "1-0"]
[WhiteElo "2256"]
[BlackElo "1973"]
[TimeControl "180+2"]
[EndTime "12:41:45 PDT"]
[Termination "SCIM won by resignation"]

1. e4 e6 2. d4 d5 3. Nd2 Nf6 4. e5 Nfd7 5. Bd3 c5 6. c3 Nc6 7.
Ngf3 cxd4 8. cxd4 f6 9. exf6 Nxf6 10. Nf1 Bd6 11. Ng3 O-O 12. O-O Qc7 13. Re1 Bd7 14. Bg5 h6 15. Be3 Rae8 16. Rc1 Qb8 17. a3 a6 18. Qd2 Ng4 19. Nh4 Nxe3 20. Rxe3 Bf4 21. Ng6 Bxe3 22. Qxe3 Rf6 23. Bb1 e5 24. Nh5 Rf7 25.
Ba2 exd4 26. Qd2 Qd6 27. Nhf4 Be6 28. Re1 Bd7 29. Bxd5 Rxe1+ 30. Qxe1 d3 31. Qd1 Nd8 32. Bxf7+ Nxf7 33. Qxd3 Qxd3 34. Nxd3 Bf5 35. Ne7+ Kh7 36. Nxf5 Kg6 37. g4 h5 38. h3 Ng5 39. h4 Nf3+ 40.
Kg2 hxg4 41. Ne3 Kh5 42. Kg3 Nxh4 43. Nf4+ Kg5 44. Ne6+ Kf6 45. Kxh4 Kxe6 46. Kxg4 Ke5 47. f4+ Ke4 48. Nf5 g6 49. Ne7 Kd3 50. Nxg6 Kc2 51. f5 Kxb2 52. f6 Kxa3 53. f7 b5 54. f8=Q+ b4 55.
Ne5 a5 56. Nc4+ Ka2 57. Qc5 b3 58. Qf2+ 1-0